 Dungeon Crawl Stone Soup version 0.28.0-49-g6dfe1f597d (webtiles) character file.

Game seed: 16856870423661028286

26 Zeld the Ducker (level 3, -1/30 HPs)
             Began as a Djinni Monk on May 14, 2022.
             Slain by a jackal (2 damage)
             ... on level 2 of the Dungeon.
             The game lasted 00:01:03 (967 turns).

Zeld the Ducker (Djinni Monk)                        Turns: 967, Time: 00:01:03

Health: -1/30      AC:  3    Str: 12    XL:     3   Next: 22%
Gold:   57         EV: 13    Int: 11    God:
                   SH:  0    Dex: 15

rFire   + + .      SeeInvis .   a - +0 falchion
rCold   x . .      Faith    .   (no shield)
rNeg    . . .      Spirit   .   b - +0 robe
rPois   ∞          Reflect  .   (no helmet)
rElec   .          Harm     .   (no cloak)
rCorr   .          Rampage  .   q - +0 pair of gloves
Will    .....                   (boots unavailable)
Stlth   ++........              (no amulet)
HPRegen 0.10/turn               (no ring)
MPRegen 0.00/turn               (no ring)

@: flying
A: sickness immunity, fire resistance 2, cold vulnerability 1, float, innate
caster, HP casting, extra vitality 1
a: no special abilities


You were on level 2 of the Dungeon.
You visited 1 branch of the dungeon, and saw 2 of its levels.

You collected 57 gold pieces.

Inventory:

Hand Weapons
 a - a +0 falchion (weapon)
Armour
 b - a +0 robe (worn)
 q - a +0 pair of gloves (worn)
Scrolls
 c - 2 scrolls of identify {unknown}
 e - a scroll of immolation {unknown}
 f - a scroll of vulnerability {unknown}
 h - a scroll of noise {unknown}
Potions
 d - a potion of resistance {unknown}
 g - a potion of invisibility {unknown}


   Skills:
 + Level 3.1 Fighting
 * Level 3.1 Long Blades
 + Level 3.5 Dodging
 + Level 1.8 Stealth
 * Level 0.7 Spellcasting


You had 2 spell levels left.
You knew the following spells:

 Your Spells              Type           Power      Damage    Failure   Level
a - Freeze                Ice            8%         1d3       24%         1
Your spell library was empty.

Dungeon Overview and Level Annotations

Branches:
Dungeon (2/15)

Altars:


Innate Abilities, Weirdness & Mutations

You are immune to sickness and miasma.
You are immune to poison.
Your flesh is very heat resistant. (rF++)
You are vulnerable to cold. (rC-)
You float through the air rather than walking.
You learn spells naturally, not from books.
Your magical power is your life essence.
You have superior vitality. (+4 MHP)


Message History

You feel stronger. x2
The power to cast Freeze wells up from within.
Spell assigned to 'a'.
Casting: Freeze (safe; 24% risk of failure)
Confirm with . or Enter, or press ? or * to list all spells.
Aiming: Freeze (safe; 24% risk of failure)
Press: ? - help, Shift-Dir - straight line, f - jackal
Aim: a jackal You freeze the jackal.
The jackal is moderately wounded.
* * * LOW HITPOINT WARNING * * *
The jackal barely misses you. The frilled lizard closely misses you.
The jackal bites you.
* * * LOW HITPOINT WARNING * * *
The jackal closely misses you.
Casting: Freeze (safe; 24% risk of failure)
Confirm with . or Enter, or press ? or * to list all spells.
Aiming: Freeze (safe; 24% risk of failure)
Press: ? - help, Shift-Dir - straight line, f/p - jackal
Aim: a jackal (moderately wounded)
You freeze the jackal.
The jackal is almost dead.
* * * LOW HITPOINT WARNING * * *
The jackal bites you.
* * * LOW HITPOINT WARNING * * *
The frilled lizard bites you but does no damage.
The jackal bites you.
* * * LOW HITPOINT WARNING * * *
The jackal bites you.
* * * LOW HITPOINT WARNING * * *
Casting: Freeze (safe; 24% risk of failure)
Confirm with . or Enter, or press ? or * to list all spells.
Aiming: Freeze (safe; 24% risk of failure)
Press: ? - help, Shift-Dir - straight line, f/p - jackal
Aim: a jackal (almost dead)
You freeze the jackal.
You kill the jackal!
* * * LOW HITPOINT WARNING * * *
The jackal bites you.
You die...

######### #..<....#
#.......#
#.......###
#.........#########
#......†.†........#
########@#........#
#hl........#
###.........
###....<...# #
#...........
...##..........#
##..............
...............#
...............#


You could see a jackal and a frilled lizard.

Vanquished Creatures
  An adder (D:2)
  A ball python (D:1)
  An endoplasm (D:1)
  A giant cockroach (D:1)
  2 hobgoblins
  2 jackals (D:2)
  2 kobolds (D:1)
  A quokka (D:1)
  2 bats
  2 frilled lizards (D:1)
  3 rats
18 creatures vanquished.

Notes
Turn   | Place    | Note
-------+----------+-------------------------------------------
     0 | D:1      | Zeld the Djinni Monk began the quest for the Orb.
     0 | D:1      | Reached XP level 1. HP: 20/20 MP: 0/0
    52 | D:1      | Found a faded altar of an unknown god.
   311 | D:1      | Reached XP level 2. HP: 23/25 MP: 0/0
   965 | D:2      | Reached XP level 3. HP: 9/30 MP: 0/0
   965 | D:2      | Learned a level 1 spell: Freeze
   967 | D:2      | Slain by a jackal

Illustrated notes

Levels and vault maps discovered:
D:1:      dpeg_arrival_line_fractal, layout_rooms,
          dreamdust_ecumenical_altar_statues, st_stairs_10
D:2:      layout_rooms

Skill      XL: |  1  2 |
---------------+-------+-----
Long Blades    | 3 |  3.1
Fighting       | |  3.1
Dodging        | |  3.5
Stealth        | |  1.8
Spellcasting   | |  0.7

Action                   || total
-------------------------++-------
Melee: Falchion          ||    73
 Cast: Freeze            ||     3
Armor: Robe              ||    44
Dodge: Dodged            ||   124
